 Dungeon Crawl Stone Soup version 0.17-a0-1562-g9b2c768 (webtiles) character file.

91 DakoDarkAxe the Ducker (level 4, 0/34 HPs)
             Began as a Demonspawn Gladiator on July 19, 2015.
             Slain by a phantom (3 damage)
             ... on level 4 of the Dungeon on July 21, 2015.
             The game lasted 00:08:38 (2080 turns).

DakoDarkAxe the Ducker (Demonspawn Gladiator)       Turns: 2080, Time: 00:08:38

Health: 0/34       AC:  7    Str: 16    XL:     4   Next: 33%
Magic:  4/4        EV: 12    Int:  9    God:
Gold:   90         SH:  0    Dex: 14    Spells: 0 memorised, 3 levels left

rFire  . . .     SeeInvis .     a - +0 quarterstaff
rCold  . . .     Clarity  +     g - +0 ring mail
rNeg   . . .     SustAt   .     (no shield)
rPois  .         Gourm    .     c - +0 helmet
rElec  .         Spirit   .     p - +0 cloak
rCorr  .         Warding  .     (no gloves)
rMut   .         Stasis   .     (no boots)
MR     .....                    l - amulet of clarity
Stlth  ..........               (no ring)
                                (no ring)

@: not resistant to hostile enchantments, extremely unstealthy
A: hooves 2
a: no special abilities


You were on level 4 of the Dungeon.
You were not hungry.

You visited 1 branch of the dungeon, and saw 4 of its levels.

You collected 90 gold pieces.

Inventory:

Hand weapons
 a - a +0 quarterstaff (weapon)
Missiles
 d - 2 throwing nets (quivered)
 e - 25 stones
Armour
 c - a +0 helmet (worn)
 g - a +0 ring mail (worn)
 p - a +0 cloak (worn)
Jewellery
 l - an amulet of clarity (around neck)
Scrolls
 b - a scroll of random uselessness {unknown}
 h - 3 scrolls of identify {unknown}
 i - a scroll of magic mapping {unknown}
 k - a scroll of fog {unknown}
 m - a scroll of immolation {unknown}
 n - a scroll of noise {unknown}
Potions
 f - 3 potions of degeneration {unknown}
 j - a potion of heal wounds {unknown}
 o - a potion of resistance {unknown}


   Skills:
 + Level 2.7 Fighting
 + Level 3.1 Staves
 + Level 2.0 Throwing
 + Level 1.4 Armour
 + Level 3.3 Dodging


You had 3 spell levels left.
You didn't know any spells.

Dungeon Overview and Level Annotations

Branches:
Dungeon (4/15)
 Temple: D:4-7

Altars:
Ashenzari
Zin


Innate Abilities, Weirdness & Mutations

You have hoof-like feet.


Message History

The phantom hits you!
You barely miss the phantom. Your kick misses the phantom.
The phantom is lightly damaged.
The phantom hits you but does no damage.
You hit the phantom.
The phantom is moderately damaged.
The phantom misses you. The phantom hits you.
You closely miss the phantom. Your kick misses the phantom.
The phantom is moderately damaged.
The phantom hits you!
* * * LOW HITPOINT WARNING * * *
You closely miss the phantom.
The phantom is moderately damaged.
The phantom blinks!
The phantom hits you.
* * * LOW HITPOINT WARNING * * *
You closely miss the phantom. Your kick misses the phantom.
The phantom is lightly damaged.
The phantom hits you.
You die...

... .. #.# ##
###.. ...# ..#.#
(..# #####
#...##...#.
.....##W.##..>...
#...@.#......#
##............#
### .#
#..##..#.......
...###.##
#.......##...
.... ...
....#####.## ..
.... ... ##
###..## # ....
#.# ##.##..# .#
.... #.#
#...##.## #.##.
....##.##
#...##..#......


You could see a phantom.

Vanquished Creatures
  3 adders
  An ooze (D:1)
  4 worms
  4 giant geckos
  2 orcs (D:3)
  A ball python (D:1)
  2 bats (D:1)
  A bat skeleton (D:4)
  3 giant cockroaches
  2 hobgoblins
  5 kobolds
  2 quokkas
  4 giant newts
  3 goblins
  2 jackals (D:4)
  4 rats
43 creatures vanquished.

Notes
Turn   | Place    | Note
--------------------------------------------------------------
     0 | D:1      | DakoDarkAxe the Demonspawn Gladiator began the quest for the Orb.
     0 | D:1      | Reached XP level 1. HP: 16/16 MP: 1/1
   202 | D:1      | Gained mutation: You have large cloven feet. [demonic ancestry]
   202 | D:1      | Reached XP level 2. HP: 17/22 MP: 2/2
   287 | D:1      | Reached skill level 3 in Dodging
   388 | D:1      | Found a shattered altar of Ashenzari.
   455 | D:1      | Upgraded the game from 0.17-a0-1545-gc1bb672 to 0.17-a0-1554-g3b847ca
   816 | D:2      | Reached XP level 3. HP: 23/27 MP: 3/3
   861 | D:2      | Found a glowing silver altar of Zin.
  1421 | D:2      | Upgraded the game from 0.17-a0-1554-g3b847ca to 0.17-a0-1562-g9b2c768
  1568 | D:3      | Reached skill level 1 in Armour
  1568 | D:3      | Gained mutation: You have hoof-like feet. [demonic ancestry]
  1568 | D:3      | Reached XP level 4. HP: 27/34 MP: 4/4
  2063 | D:4      | Noticed a phantom
  2080 | D:4      | Slain by a phantom

Vault maps used:
D:1:      onia_arrival_handbag, wad_floor_pattern_2, ashenzari_altar_1
D:2:      lemuel_doored_altar
D:4:      grunt_temple_overflow_diamond, enter_ossuary_4

Action                   |  1- 3 |  4- 6 || total
-------------------------+-------+-------++-------
Melee: Quarterstaff      |   112 |    54 ||   166
Throw: Throwing net      |     6 |     1 ||     7
 Stab: Held in net/web   |       |     1 ||     1
  Eat: Fruit             |     2 |     1 ||     3
       Bread ration      |       |     1 ||     1
